 Dungeon Crawl Stone Soup version 0.27-a0-1334-g2746e35aca (webtiles) character file.

Game seed: 329096675116085160

47 Delamore the Sneak (level 3, 0/25 HPs)
             Began as an Octopode Brigand on June 26, 2021.
             Slain by a kobold (4 damage)
             ... on level 1 of the Dungeon.
             The game lasted 00:01:12 (1995 turns).

Delamore the Sneak (Octopode Brigand)               Turns: 1995, Time: 00:01:12

Health: 0/25       AC:  1    Str: 10    XL:     3   Next: 70%
Magic:  3/3        EV: 13    Int: 13    God:
Gold:   83         SH:  0    Dex: 14    Spells: 2/2 levels left

rFire    . . .     SeeInvis +   a - +2 dagger
rCold    . . .     Faith    .   (no shield)
rNeg     . . .     Spirit   .   (helmet restricted)
rPois    .         Reflect  .   (no amulet)
rElec    .         Harm     .   i - ring of see invisible
rCorr    .         Rampage  .   (no ring)
Will     .....                  (no ring)
Stlth    ++++......             (no ring)
HPRegen  0.08/turn              (no ring)
MPRegen  0.08/turn              (no ring)
                                (no ring)
                                (no ring)

@: no status effects
A: almost no armour, amphibious, 8 rings, camouflage 1, gelatinous body 1,
(nimble swimmer 1), tentacles
a: no special abilities


You were on level 1 of the Dungeon.
You visited 1 branch of the dungeon, and saw 2 of its levels.

You collected 83 gold pieces.

Inventory:

Hand Weapons
 a - a +2 dagger (weapon)
Missiles
 b - 8 poisoned darts (quivered)
 c - 2 curare-tipped darts
Jewellery
 i - a ring of see invisible (left tentacle)
Scrolls
 f - a scroll of identify {unknown}
 h - a scroll of blinking {unknown}
 j - a scroll of acquirement {unknown}
 k - a scroll of enchant armour {unknown}
Potions
 d - a potion of cancellation {unknown}
 e - 2 potions of heal wounds {unknown}
 g - a potion of curing {unknown}


   Skills:
 + Level 2.5 Fighting
 * Level 3.1 Short Blades
 - Level 2.0 Throwing
 + Level 1.8 Dodging
 - Level 5.3 Stealth


You had 2 spell levels left.
You didn't know any spells.
Your spell library contained the following spells:

 Spells                   Type           Power      Damage    Failure   Level
 Confusing Touch          Hex            0%         N/A       67%         3
 Gell's Gravitas          Tloc           0%         N/A       67%         3
 Petrify                  Tmut/Erth      0%         N/A       97%         4
 Metabolic Englaciation   Hex/Ice        0%         N/A       100%        5
 Yara's Violent Unravell  Hex/Tmut       0%         3d3       100%        5


Dungeon Overview and Level Annotations

Branches:
Dungeon (2/15)

Altars:


Innate Abilities, Weirdness & Mutations

You cannot wear most types of armour.
You are amphibious.
You can wear up to eight rings at the same time.
Your skin changes colour to match your surroundings (Stealth+).
Your rubbery body absorbs attacks. (AC +1, EV +1)
((You are camouflaged near water. (Stealth+)))
You have tentacles for arms and can constrict up to eight enemies at once.


Message History

You hear a shout!
You hit the kobold. Your grab misses the kobold.
The kobold is moderately wounded.
You hear a shout!
The kobold barely misses you.
The gnoll hits you from afar with a +0 halberd!
Ouch! That really hurt!
You are too injured to fight recklessly!
You are too injured to fight recklessly!
You are too injured to fight recklessly!
You are too injured to fight recklessly!
You are too injured to fight recklessly!
You are too injured to fight recklessly!
You are too injured to fight recklessly!
You are too injured to fight recklessly!
You are too injured to fight recklessly!
You are too injured to fight recklessly!
You are too injured to fight recklessly!
You are too injured to fight recklessly!
You are too injured to fight recklessly!
There are monsters nearby!
You barely miss the kobold. Your grab misses the kobold.
The kobold is moderately wounded.
A gnoll comes into view. It is wielding a +0 club.
The gnoll moves out of view.
The kobold hits you with a +0 whip.
* * * LOW HITPOINT WARNING * * *
There is a stone staircase leading up here.
You climb upwards.
There is a stone staircase leading down here.
A kobold is nearby!
You barely miss the kobold. Your grab misses the kobold.
Your squeeze misses the kobold. The kobold hits you with a +0 whip.
* * * LOW HITPOINT WARNING * * *
You hit the kobold but do no damage. Your grab misses the kobold.
The kobold closely misses you.
You barely miss the kobold. You grab the kobold.
You constrict the kobold, but do no damage.
The kobold hits you with a +0 whip.
You die...

#.# ##'## #####.#####
##...## #.........#
##.....# #.........#
##.......
#.###.....###........
#.##........+........
#.##.#....###......).
#.##.##...# ##.......
#..K@.....# ##.....#
####.###### ##...##
#.# ##'## #.# #.# #.#
#.# #.######## ##.###
#........# ##.....
#..#####.# #.....#
#..# #.# ##...##


You could see a kobold.

Vanquished Creatures
  A worm (D:2)
  2 dart slugs
  2 ball pythons (D:1)
  7 endoplasms
  5 giant cockroaches
  4 goblins
  2 hobgoblins
  2 quokkas
  3 bats (D:1)
  A frilled lizard (D:1)
  6 kobolds
  A rat (D:1)
36 creatures vanquished.

Notes
Turn   | Place    | Note
-------+----------+-------------------------------------------
     0 | D:1      | Delamore the Octopode Brigand began the quest for the Orb.
     0 | D:1      | Reached XP level 1. HP: 14/14 MP: 1/1
   178 | D:1      | Reached XP level 2. HP: 17/19 MP: 2/2
   784 | D:1      | Reached XP level 3. HP: 2/25 MP: 3/3
  1995 | D:1      | Slain by a kobold

Illustrated notes

Levels and vault maps discovered:
D:1:      dpeg_arrival_central, layout_loops_corners, moated_statue,
          minmay_octomino_j4
D:2:      layout_loops_ring

Skill      XL: |  1  2  3 |
---------------+----------+-----
Short Blades   | 3 |  3.1
Fighting       | |  2.5
Throwing       | |  2.0
Dodging        | |  1.8
Stealth        | |  5.3

Action                   || total
-------------------------++-------
Melee: Dagger            ||    72
       Constrict         ||    12
       Tentacles         ||     6
 Stab: Sleeping          ||    16
Armor: Skin              ||     3
Dodge: Dodged            ||    24

Table legend: (Time is in decaauts)
 A = Elapsed time spent in this place.
 B = Non-inter-level travel time spent in this place.
 C = Inter-level travel time spent in this place.
 D = Time resting spent in this place.
 E = Time spent auto-exploring this place.
 F = Levels seen in this place.
 G = Mean time per level.
                   A        B        C        D        E       F      G
               +--------+--------+--------+--------+--------+-----+--------+
         Total |   1984 |   1953 |     31 |    278 |   1425 |   2 |  992.0 |
       Dungeon |   1984 |   1953 |     31 |    278 |   1425 |   2 |  992.0 |
               +--------+--------+--------+--------+--------+-----+--------+

Top non-repeatable levels by time:
     D:1: 1298 daAuts
     D:2: 686 daAuts
